 Dungeon Crawl Stone Soup version 0.25-a0-62-g88673ef095 (webtiles) character file.

Game seed: 5902468632849130392, levelgen mode: deterministic

42 Gargoyl the Skirmisher (level 3, 0/31 HPs)
             Began as a Draconian Abyssal Knight on Oct 30, 2019.
             Was a Follower of Lugonu.
             Succumbed to an adder's poison
             ... on level 3 of the Dungeon.
             The game lasted 00:02:09 (1267 turns).

Gargoyl the Skirmisher (Draconian Abyssal Knight)   Turns: 1267, Time: 00:02:09

Health: 0/31       AC: -1    Str: 15    XL:     3   Next: 35%
Magic:  4/4        EV: 12    Int: 12    God:    Lugonu [*.....]
Gold:   184        SH:  2    Dex: 10    Spells: 2/2 levels left

rFire    . . .     SeeInvis .   i - +4 whip (drain)
rCold    . . .     Gourm    .   (no shield)
rNeg     . . .     Faith    .   (armour unavailable)
rPois    .         Spirit   .   (helmet restricted)
rElec    .         Reflect  +   (no cloak)
rCorr    .         Harm     .   (no gloves)
MR       .....                  (no boots)
Stlth    ..........             c - +2 amulet of reflection
HPRegen  0.10/turn              e - -6 ring of protection (curse)
MPRegen  0.09/turn              h - ring of attention (curse)

@: lethally poisoned (0 -> -6)
A: unfitting armour, cold-blooded, AC +5
a: Depart the Abyss, Renounce Religion


You were on level 3 of the Dungeon.
You worshipped Lugonu.
Lugonu was aware of your devotion.
You were not hungry.

You visited 1 branch of the dungeon, and saw 3 of its levels.
You visited the Abyss 1 time.

You collected 184 gold pieces.

Inventory:

Hand Weapons
 a - a +1 hand axe
 i - a +4 whip of draining (weapon)
Jewellery
 c - a +2 amulet of reflection (around neck)
 e - a cursed -6 ring of protection (left hand)
 f - an uncursed amulet of guardian spirit {unknown}
 h - a cursed ring of attention (right hand)
Wands
 d - a wand of digging (3)
Scrolls
 g - a scroll of fog
 j - a scroll of magic mapping {unknown}
Comestibles
 b - 4 rations


   Skills:
 + Level 3.5 Fighting
 + Level 2.6 Axes
 + Level 0.1(1.5) Maces & Flails
 * Level 2.8 Dodging
 * Level 2.3 Invocations


You had 2 spell levels left.
You didn't know any spells.
Your spell library was empty.

Dungeon Overview and Level Annotations

Branches:
Dungeon (3/15)

Altars:


Innate Abilities, Weirdness & Mutations

Your plain brown scales are hard. (AC +5)
You cannot fit into any form of body armour.
You are cold-blooded and may be slowed by cold attacks.


Message History

You feel sick. The adder bites you.
* * * LOW HITPOINT WARNING * * *
You are more poisoned.
The adder poisons you!
You aren't carrying any potions.
You hit the adder. You drain the adder.
You kill the adder!
Lugonu accepts your kill.
You have reached level 3!
Your experience leads to an increase in your attributes!
Increase (S)trength, (I)ntelligence, or (D)exterity?
You feel stronger.
Your scales feel tougher.
* * * LOW HITPOINT WARNING * * *
You feel sick.
Unknown command.
You hit the adder.
You kill the adder!
Lugonu accepts your kill.
Unknown command.
You die...

.........+
......!..#
.........#
.........#
.........#
.........#
#######)## #w#
#@# ##+## #.#
#...# #.# #...#
#.#
#...###########.#
#...............#
#....############
#....# ##....#


You could see a dart slug.

Vanquished Creatures
  2 adders (D:3)
  An orc (D:3)
  A giant cockroach (D:2)
  4 goblins
  2 hobgoblins
  3 jackals (D:1)
  3 bats
  A frilled lizard (D:3)
  3 kobolds (D:1)
  2 rats (D:1)
22 creatures vanquished.

Notes
Turn   | Place    | Note
-------+----------+-------------------------------------------
     0 | Abyss:1  | Gargoyl the Draconian Abyssal Knight began the quest for
                  | the Orb.
     0 | Abyss:1  | Reached XP level 1. HP: 19/19 MP: 2/2
    73 | Abyss:2  | Found a corrupted altar of Lugonu.
    82 | Abyss:2  | Noticed a small abomination
    92 | Abyss:2  | Noticed a wretched star
    94 | D:1      | Escaped the Abyss
   386 | D:1      | Reached * piety under Lugonu
   448 | D:1      | Reached XP level 2. HP: 5/26 MP: 3/3
  1265 | D:3      | Reached XP level 3. HP: 2/31 MP: 4/4
  1265 | D:3      | HP: 1/31 [poisoned by an adder]
  1267 | D:3      | Succumbed to an adder's poison

Levels and vault maps discovered:
D:1:      mainiacjoe_arrival_reflecting_pool, layout_rooms
D:2:      layout_loops_corners, zin_purify
D:3:      layout_basic

Action                   || total
-------------------------++-------
Melee: Hand axe          ||    36
       Tailslap          ||     6
       Whip              ||    26
Invok: Depart the Abyss  ||     1
  Use: Scroll            ||     3
       Potion            ||     1
  Eat: Chunk             ||     1
Dodge: Dodged            ||    49
Block: Other             ||     7

Table legend:
 A = Non-vault XP
 B = Vault XP
 C = Vault XP percentage of total XP
 D = Non-vault monster count
 E = Vault monster count
 F = Vault count percentage of total count
                 A         B        C        D         E       F
            +---------+---------+-------+---------+---------+-------
      Total |      61 |       0 |   0.0 |      22 |       0 |   0.0
            +---------+---------+-------+---------+---------+-------
        D:1 |      21 |       0 |   0.0 |      13 |       0 |   0.0
        D:2 |       8 |       0 |   0.0 |       4 |       0 |   0.0
        D:3 |      32 |       0 |   0.0 |       5 |       0 |   0.0
            +---------+---------+-------+---------+---------+-------
